 Dungeon Crawl Stone Soup version 0.31-a0-868-g674d60d6f7 (webtiles) character file.

Game seed: 10122263258172664054

4 freelancePsychic the Sneak (level 1, -1/13 HPs)
             Began as a Gargoyle Brigand on Oct 11, 2023.
             Slain by a worm (10 damage)
             ... on level 1 of the Dungeon.
             The game lasted 00:00:22 (122 turns).

freelancePsychic the Sneak (Gargoyle Brigand)        Turns: 122, Time: 00:00:23

Health: -1/13      AC:  5    Str: 14    XL:     1   Next: 70%
Magic:  1/1        EV: 11    Int: 11    God:
Gold:   15         SH:  0    Dex: 11    Spells: 0/0 levels left

rFire   . . .        a - +2 dagger
rCold   . . .        (no shield)
rNeg    + . .        b - +0 robe
rPois   ∞            (no helmet)
rElec   +            c - +0 cloak
rCorr   .            (no gloves)
SInv    .            (no boots)
Will    .....        (no amulet)
Stlth   ++           (no ring)
HPRegen 0.22/turn    (no ring)
MPRegen 0.07/turn

%: no passive effects
@: no status effects
A: sickness immunity, AC +2, negative energy resistance 1, electricity
resistance, torment resistance 1, petrification resistance
a: no special abilities


You were on level 1 of the Dungeon.
You visited 1 branch of the dungeon, and saw 1 of its levels.

You collected 15 gold pieces.

Inventory:

Hand Weapons
 a - a +2 dagger (weapon)
Missiles
 d - 4 poisoned darts (quivered)
 e - 3 curare-tipped darts
Armour
 b - a +0 robe (worn)
 c - a +0 cloak (worn)
Scrolls
 f - 3 scrolls of vulnerability {unknown}


   Skills:
 + Level 2.3 Fighting
 * Level 2.1 Short Blades
 - Level 1.7 Throwing
 - Level 0.7 Dodging
 - Level 4.3 Stealth


You couldn't memorise any spells.
You didn't know any spells.
Your spell library was empty.

Dungeon Overview and Level Annotations

Branches:
Dungeon (1/15)

Altars:


Innate Abilities, Weirdness & Mutations

You are immune to sickness and miasma.
Your stone body is resilient. (AC +2)
You are immune to poison.
You resist negative energy. (rN+)
You are resistant to electric shocks. (rElec)
You are resistant to unholy torment.
You are immune to petrification.


Message History

You aren't carrying any items that you can evoke.
Unknown command.
Throw: 9 darts (poison)
Press: ? - help, Q - select action, (/) - cycle Shift-Dir - straight line, f - worm
Aim: a worm (74% to hit)
You throw a poisoned dart. The poisoned dart hits the worm.
The worm is poisoned.
Throw: 8 darts (poison)
Press: ? - help, Q - select action, (/) - cycle Shift-Dir - straight line, f/p - worm
Aim: a worm (lightly wounded, poisoned, 74% to hit)
You throw a poisoned dart.
The poisoned dart barely misses the worm.
Throw: 7 darts (poison)
Press: ? - help, Q - select action, (/) - cycle Shift-Dir - straight line, f/p - worm
Aim: a worm (lightly wounded, poisoned, 74% to hit)
You throw a poisoned dart. The poisoned dart hits the worm.
The worm looks even sicker.
The worm is lightly wounded.
Throw: 6 darts (poison)
Press: ? - help, Q - select action, (/) - cycle Shift-Dir - straight line, f/p - worm
Aim: a worm (moderately wounded, very poisoned, 74% to hit)
You throw a poisoned dart. The poisoned dart hits the worm.
The worm looks even sicker.
The worm is moderately wounded.
Throw: 5 darts (poison)
Press: ? - help, Q - select action, (/) - cycle Shift-Dir - straight line, f/p - worm
Aim: a worm (moderately wounded, very poisoned, 74% to hit)
You throw a poisoned dart. The poisoned dart hits the worm.
The worm looks as sick as possible!
The worm is moderately wounded.
You hit the worm.
The worm is heavily wounded.
You barely miss the worm.
The worm is heavily wounded.
The worm completely misses you.
You hit the worm.
The worm is severely wounded.
The worm bites you!
Ouch! That really hurt!
You die...

≈###≈# ##'## #.# #.# #.#
#≈≈≈≈≈# #.# ##### #.###.# #.#
#≈≈#≈≈## #.###...# #.#...# #.#
#≈≈#≈~.###.......###.#.### #.#
#~≈#≈~......#...~.##.#.#####.#
.~≈≈≈~..........~.##.........#
.~###~##.......~~.####.#######
.~~~~≈##.#.....~.......#
.†....##.#..#...@.######
.#..............w##
.#######.#..###.(# .#
#.#......(## .# .#.#####.(##
~# ##(.### .# ##...# ##
#^$..^# #.......#


You could see a worm (very poisoned).

Vanquished Creatures
  2 hobgoblins (D:1)
  2 ball pythons (D:1)
4 creatures vanquished.

Notes
Turn   | Place    | Note
-------+----------+-------------------------------------------
     0 | D:1      | freelancePsychic the Gargoyle Brigand began the quest for
                  | the Orb.
     0 | D:1      | Reached XP level 1. HP: 12/12 MP: 1/1
   122 | D:1      | Slain by a worm

Illustrated notes

Levels and vault maps discovered:
D:1:      mrwooster_arrival_arrow, layout_loops_corners, serial_rivers,
          chequers_serial_rivers_small_b, chequers_serial_rivers_large_a,
          chequers_serial_rivers_micro_e, chequers_serial_rivers_micro_c,
          chequers_serial_rivers_micro_b, nrook_campfire, minmay_crystal_water,
          nicolae_wormholes

Skill      XL: |  1 |
---------------+----+-----
Short Blades   | 2 |  2.1
Fighting       | |  2.3
Throwing       | |  1.7
Dodging        | |  0.7
Stealth        | |  4.3

Action                     || total
---------------------------++-------
  Melee: Dagger            ||    20
  Throw: Dart              ||     5
   Stab: Sleeping          ||     1
 Armour: Robe              ||     6
  Dodge: Dodged            ||     8

Table legend: (Time is in decaauts)
 A = Elapsed time spent in this place.
 B = Non-inter-level travel time spent in this place.
 C = Inter-level travel time spent in this place.
 D = Time resting spent in this place.
 E = Time spent auto-exploring this place.
 F = Levels seen in this place.
 G = Mean time per level.
                   A        B        C        D        E       F      G
               +--------+--------+--------+--------+--------+-----+--------+
         Total |    121 |    121 |      0 |      0 |     76 |   1 |  121.0 |
       Dungeon |    121 |    121 |      0 |      0 |     76 |   1 |  121.0 |
               +--------+--------+--------+--------+--------+-----+--------+

Top non-repeatable levels by time:
     D:1: 121 daAuts
